Cogmind - Beta 14 @@@ ROGUE MODE // 2024.08.09 @ 11:27:05 // AFD2019/Pay2Buy Player: Minty Result: Destroyed by D-53 Grenadier with Mini Grenade Launcher Performance ------------- Evolutions (0) 0 Regions Visited (2) 400 Robots Destroyed (15) 75 Value Destroyed (474) 474 Prototype IDs (2) 40 Alien Tech Used (0) 0 Bonus (0) 0 TOTAL SCORE: 989 Bonus ------- None Cogmind --------- Core Integrity 0/250 Matter 141/300 Energy 94/265 System Corruption 0% Temperature Cool (29) Movement Core (350) Ox6 Location -10/Mines Parts ------- > --- POWER (1) -------- Reinforced Ion Engine > --- PROPULSION (2) --- (None) > --- UTILITY (2) ------ Cooling System Weapon Shielding > --- WEAPON (2) ------- Improved Medium Laser Improved Medium Laser > --- INVENTORY (10) --- Improved Medium Laser Advanced EMP Blaster Mini Grenade Launcher Peak State ------------ > --- POWER ------------ Reinforced Ion Engine > --- PROPULSION ------- Light Treads Light Treads > --- UTILITY ---------- Cooling System Hardened Light Armor Plating > --- WEAPON ----------- Improved Medium Laser Improved Medium Laser > --- INVENTORY -------- Improved Medium Laser Advanced EMP Blaster Mini Grenade Launcher [Rating: 14] Favorites ----------- Power Reinforced Ion Engine Engine Reinforced Ion Engine Propulsion Light Treads Treads Light Treads Utility Hardened Light Armor Plating Device Cooling System Protection Hardened Light Armor Plating Weapon Improved Medium Laser Energy Gun Improved Medium Laser Launcher Mini Grenade Launcher Build | -11 -10 -10 ------- Run | Yrd Mat Min Slots Evolved . | . . . Power . | . . . Propulsion . | . . . Utility . | . . . Weapon . | . . . Parts Attached 6 | . . 6 Power 1 | . . 1 Engine 1 | . . 1 Core . | . . . Reactor . | . . . Propulsion . | . . . Treads . | . . . Leg . | . . . Wheel . | . . . Hover . | . . . Flight . | . . . Utility 2 | . . 2 Device 1 | . . 1 Storage . | . . . Processor . | . . . Hackware . | . . . Protection 1 | . . 1 Artifact . | . . . Weapon 3 | . . 3 Energy Gun 2 | . . 2 Energy Cannon . | . . . Ballistic Gun . | . . . Ballistic Cannon . | . . . Launcher 1 | . . 1 Special Weapon . | . . . Impact Weapon . | . . . Slashing Weapon . | . . . Piercing Weapon . | . . . Special Melee Weapon . | . . . Unidentified Prototypes . | . . . Parts Lost 3 | . . 3 Power . | . . . Propulsion 2 | . . 2 Utility 1 | . . 1 Weapon . | . . . Highest Loss Streak 2 | . . 2 To Critical Strikes . | . . . Average Slot Usage (%) 77 | . 74 82 Engine 9 | . 9 9 Treads 26 | . 28 24 Device 6 | . 4 9 Protection 8 | . 3 14 Energy Gun 24 | . 28 19 Launcher 2 | . . 4 Peak Build Rating 14 | . 14 14 Average Rating 10 | . 10 11 On Entrance 4 | . . 14 Naked Turns . | . . . Heaviest Build 23 | . 23 23 Greatest Support 40 | 3 40 40 Greatest Overweight (x) 1 | . . 1 Average Overweight (x) . | . . . Largest Inventory Capacity 10 | . 10 10 Average Capacity 10 | . 10 10 Most Carried 7 | . 3 7 Average Carried 3 | . 2 4 Final Capacity 10 | 10 10 10 Final Carried 3 | . 3 3 Class Distribution -------------------- 100% | Mutant Dominant Class ---------------- Mutant | -10/Materials Mutant | -10/Mines Resources | -11 -10 -10 ----------- Run | Yrd Mat Min Matter Collected 206 | . 200 6 Remotely . | . . . Salvage Created 492 | . 413 79 Parts . | . . . Haulers Intercepted 1 | . 1 . Recyclers Shooed . | . . . Parts Field Recycled . | . . . Retrieved Matter . | . . . Parts Self-Destructed . | . . . Prevented . | . . . Kills | -11 -10 -10 ------- Run | Yrd Mat Min Combat Hostiles Destroyed 25 | . 8 17 Guns 11 | . 8 3 AOE 14 | . . 14 Classes Destroyed 6 | . 4 2 Tunneler 2 | . 1 1 Hauler 1 | . 1 . Watcher 1 | . 1 . Swarmer 3 | . . 3 Grunt 8 | . 8 . Assembled 14 | . . 14 Best Kill Streak 15 | . 3 15 Combat Bots Only 14 | . 3 14 Max Kills in Single Turn 3 | . 1 3 Gunslinging . | . . . Exploded 3 | . . 3 Melee . | . . . Uniques/NPCs Destroyed . | . . . Combat | -11 -10 -10 -------- Run | Yrd Mat Min Hostile Shots Fired 64 | . 20 44 Missed 13 | . 7 6 Damage Taken 1076 | . 142 934 Core 251 | . 22 229 Absorbed by Shields . | . . . Core Remaining (%) 100 | 100 . . Volleys Fired 59 | . 32 27 Largest 2 | . 2 2 Hottest 112 | . 112 112 Shots Fired 106 | . 64 42 Gun 94 | . 64 30 Cannon . | . . . Launcher 12 | . . 12 Special . | . . . Kinetic . | . . . Thermal 94 | . 64 30 Explosive 12 | . . 12 Electromagnetic . | . . . Robot Hit Streak 7 | . 6 7 Robot Miss Streak 4 | . 4 3 Penetration Max . | . . . Secondary Targets 1 | . . 1 Max Gunslinging Chain 1 | . . 1 Shots Hit Robots 43 | . 29 14 Core Hits 43 | . 11 32 Critical Kills . | . . . Critical Parts Destroyed . | . . . Critical Strikes 4 | . 4 . Burn 4 | . 4 . Melee Attacks . | . . . Impact . | . . . Slashing . | . . . Piercing . | . . . Sneak Attacks . | . . . Combat Hostiles . | . . . Follow-up Attacks . | . . . Damage Inflicted 1674 | . 504 1170 Guns 691 | . 504 187 Cannons . | . . . Explosions 968 | . . 968 Melee . | . . . Ramming 15 | . . 15 Kinetic . | . . . Thermal 691 | . 504 187 Explosive 968 | . . 968 Electromagnetic . | . . . Impact . | . . . Slashing . | . . . Piercing . | . . . Highest Corruption . | . . . Average Corruption . | . . . Corruption Purged . | . . . Corruption Blocked . | . . . Overload Shots . | . . . Overflow Damage 30 | . . 30 Projectiles . | . . . Explosions 30 | . . 30 Melee . | . . . Knockbacks . | . . . Impact . | . . . Kinetic . | . . . Secondary . | . . . Self-Inflicted Damage 93 | . . 93 Shots 3 | . . 3 Rammed 2 | . . 2 Targets Rammed 2 | . . 2 Kicked . | . . . Crushed . | . . . Highest Temperature 282 | . 282 68 Average Temperature 80 | . 99 27 Received Heat Transfer 98 | . 78 20 Effects 1 | . 1 . Interference 1 | . 1 . Siege Activations . | . . . Robots Corrupted . | . . . Combat Hostiles . | . . . Parts Fried . | . . . Impact Corruptions . | . . . Robots Melted . | . . . Combat Hostiles . | . . . Parts Melted . | . . . Heat Transferred 1813 | . 1406 407 Parts Sabotaged . | . . . Parts Stolen . | . . . Parts Stripped . | . . . Power Chain Reactions . | . . . Alert | -11 -10 -10 ------- Run | Yrd Mat Min Peak Influence 337 | . 336 337 Initial 130 | . . 130 Average 205 | . 161 260 Maximum Alert Level 1 | . 1 1 Low Security (%) 42 | . 72 3 Level 1 57 | . 27 96 Level 2 . | . . . Level 3 . | . . . Level 4 . | . . . Level 5 . | . . . High Security . | . . . Max Security . | . . . Squads Dispatched 4 | . 4 . Investigation 4 | . 4 . Extermination . | . . . Reinforcement . | . . . Assault . | . . . Garrison . | . . . Intercept . | . . . Searches Triggered . | . . . Construction Impeded . | . . . Haulers Reinforced . | . . . Active Scanning Responses . | . . . Cargo Convoy Interrupts . | . . . Stealth | -11 -10 -10 --------- Run | Yrd Mat Min Distress Signals . | . . . Communications Jammed . | . . . Distress Signals . | . . . Times Spotted 37 | . 11 26 Peak Tracking Total 13 | . 5 13 Tactical Retreats 1 | . . 1 Traps | -11 -10 -10 ------- Run | Yrd Mat Min Traps Triggered . | . . . Indirectly . | . . . Trap Hack Attempts . | . . . Triggered . | . . . Disarmed . | . . . Reprogrammed . | . . . Reused . | . . . Traps Extracted . | . . . Installed . | . . . Triggered . | . . . Machines | -11 -10 -10 ---------- Run | Yrd Mat Min Machines Disabled 8 | . 4 4 Max in Single Turn 2 | . 1 2 Machines Repaired . | . . . Machines Dismantled . | . . . Machines Sabotaged 1 | . 1 . Overloaded Fab Kills . | . . . Hacking | -11 -10 -10 --------- Run | Yrd Mat Min Machines Accessed 5 | . 4 1 Terminals 5 | . 4 1 Fabricators . | . . . Repair Stations . | . . . Recycling Units . | . . . Scanalyzers . | . . . Garrison Access . | . . . Total Hacks 18 | . 15 3 Successful 10 | . 9 1 Failed 8 | . 6 2 Catastrophic . | . . . Database Lockouts . | . . . Manual 16 | . 13 3 Terminals 18 | . 15 3 Fabricators . | . . . Repair Stations . | . . . Recycling Units . | . . . Scanalyzers . | . . . Garrison Access . | . . . Terminal Hacks 3 | . 3 . Branch Access Points 1 | . 1 . Alert Level 2 | . 2 . Fabricator Hacks . | . . . Repair Station Hacks . | . . . Recycling Unit Hacks . | . . . Scanalyzer . | . . . Garrison Access Hacks . | . . . Unauthorized Hacks 7 | . 6 1 Terminals 7 | . 6 1 Botnet 4 | . 3 1 Sabotage 3 | . 3 . Fabricators . | . . . Repair Stations . | . . . Recycling Units . | . . . Scanalyzers . | . . . Garrison Access . | . . . Data Cores Recovered . | . . . Used . | . . . Hacking Detections 4 | . 3 1 Full Trace Events 2 | . 1 1 Feedback Events . | . . . Feedback Blocked . | . . . Robot Schematics Acquired . | . . . Robots Built . | . . . Authchips . | . . . Time . | . . . Total Robot Build Rating . | . . . Part Schematics Acquired . | . . . Parts Built . | . . . Authchips . | . . . Time . | . . . Total Part Build Rating . | . . . Parts Repaired . | . . . Time . | . . . Parts Recycled . | . . . Recycled Matter . | . . . Retrieved Matter . | . . . Retrieved Components . | . . . Parts Scanalyzed . | . . . Part Schematics Acquired . | . . . Parts Damaged . | . . . Bothacking | -11 -10 -10 ------------ Run | Yrd Mat Min Used RIF Installer . | . . . Robots Hacked . | . . . Non-combat . | . . . Combat . | . . . Robot Hacks Applied . | . . . Relay Couplers Released . | . . . Fabnet Peak Effective % . | . . . Robots Rewired . | . . . Allies Hacked . | . . . Hacks Repelled . | . . . Allies | -11 -10 -10 -------- Run | Yrd Mat Min Total Allies . | . . . Largest Group . | . . . Highest-Rated Group . | . . . Highest-Rated Ally . | . . . Total Orders . | . . . Ally Attacks . | . . . Total Damage . | . . . Kills . | . . . Allies Corrupted . | . . . Allies Melted . | . . . Intel | -11 -10 -10 ------- Run | Yrd Mat Min Robot Analysis Total . | . . . Derelict Logs Recovered . | . . . Drone Launches . | . . . Drone Recoveries . | . . . Exploration | -11 -10 -10 ------------- Run | Yrd Mat Min Turns Passed 562 | . 315 247 Spaces Moved 254 | 1 131 122 Core 50 | 1 . 49 Treads 204 | . 131 73 Legs . | . . . Wheels . | . . . Hover . | . . . Flight . | . . . Fastest Speed 50 | 50 160 100 Average Speed 147 | 50 160 135 Slowest Speed 160 | 50 160 160 Overloaded Moves . | . . . Propulsion Burnouts . | . . . Robots Hopped . | . . . Cave-ins Triggered . | . . . Exploration Rate (%) 20 | 2 34 24 Regions Visited 2 Branch Regions 1 Pre-discovered Areas . | . . . Known Exits Taken 1 | . 1 . Unknown Exits Taken 1 | 1 . . Scrap Searched . | . . . Spaces Dug . | . . . Terrain Destroyed 83 | . . 83 Melee . | . . . Projectile . | . . . AOE 83 | . . 83 Terrain Rammed . | . . . Walls Destroyed . | . . . Machines Disabled . | . . . Actions | -11 -10 -10 --------- Run | Yrd Mat Min Total 334 | . 173 161 Wait 11 | . 11 . Move 252 | . 130 122 Hop . | . . . Pick Up . | . . . Fast Attach . | . . . Attach 4 | . . 4 Detach 4 | . . 4 Swap 2 | . . 2 Drop . | . . . Fire 59 | . 32 27 Melee . | . . . Ram . | . . . Kick . | . . . Crush 2 | . . 2 Escape Stasis . | . . . Rewire . | . . . Trap . | . . . Miscellaneous . | . . . Route ------- -11/Scrapyard -10/Materials (discovered 2 exits: *Min x2) -10/Mines History --------- Turn | Location | Event 1 | -11/Scrapyard | Discovered new exit (range 0) 1 | -11/Scrapyard | Entered Materials 28 | -10/Materials | Discovered new exit (range 12) 179 | -10/Materials | Identified exit to Mines 305 | -10/Materials | Build established: Mutant 316 | -10/Materials | Entered Mines 455 | -10/Mines | Assembled infested the area 460 | -10/Mines | Assisted by a Guerilla fighting off Assembled 548 | -10/Mines | Destroyed 14 combat bots 552 | -10/Mines | Core integrity fell below 50% 563 | -10/Mines | Core integrity fell below 20% 563 | -10/Mines | Destroyed by D-53 Grenadier with Mini Grenade Launcher Last Messages --------------- 00550_ Destroyed Shock Absorption System. 00551_ The unstable cave ceiling collapses. 00551_ U-05 Engineer lays Concrete. 00552_ The unstable cave ceiling collapses. 00552_ U-05 Engineer lays Concrete. 00554_ The unstable cave ceiling collapses. 00554_ U-05 Engineer lays Concrete. 00556_ The unstable cave ceiling collapses. 00556_ U-05 Engineer lays Concrete. 00556_ K-01 Serf collects debris. 00557_ The unstable cave ceiling collapses. 00558_ U-05 Engineer builds a Wall. 00559_ The unstable cave ceiling collapses. 00560_ K-01 Serf collects debris. 00561_ Hrd. Light Armor Plating destroyed. 00561_ Lgt. Treads destroyed. 00562_ The unstable cave ceiling collapses. 00562_ U-05 Engineer lays Concrete. 00563_ The unstable cave ceiling collapses. 00563_ U-05 Engineer lays Concrete. Map ----- +----------------------------------------------------+ | ?????????????????# #??# ##???????????????????? | | ????????????????# #?# #???????????????????? | | ????????????????## #?## #???????????????????? | | ?????????????????#####??# #???????????????????? | | ????????????????????????## #???????????????????? | | ????????????????????????## #???????????????????? | | ????????????????????????# #???????????????????? | | ???????????????????????## ##??????????????????? | | ?????????????????????### #??????????????????? | | ????????????????????## ##?????????????????? | | ?????????????????#### """" #?????????????????? | | ?????????????????# " ##????????????????? | | ?????????????????# ## ##???????????????? | | ?????????????????# ### u ##??????????????? | | ??????????????#### #### #####??????????? | | ??????????????# ##?????????? | | ??????????????# # #?????????? | | ??????????????# #### #?????????? | | ??????????????# # #??## #?????????? | | ??????????????# ## ##??# #?????????? | | ??????????????# ##?## ##?????????? | | ??????????????# #???###??????????? | | ??????????????# #????????????????? | | ??????????????# #????????????????? | | ??????????????# #?????????????????? | | ??????????????# @ #??????????????????? | | ??????????????# # #??????????????????? | | ??????????????#####" ##??????????????????? | | ??????????????????## #??????????????????? | | ?????????????????# d ##??????????????????? | | ????????????????# ## d % ####### ???????? | | ????????????????## # #??????????? | | ?????????????????# #% ########??????????????? | | ???????????????? # ##?????????????????????? | | ??????????????? % # #???????????????????????? | | ?????????????? # # ????????????????????????? | | ??????????????? ## # ????????????????????????? | | ??????????????????? ????????????????????????? | | ?????????????????? ? ????????????????????????? | | ??????????????????? ? ????????????????????????? | | ??????????????????? ? ????????????????????????? | | ?????????????????? ???????????????????????????? | | ?????????????????????????????????????????????????? | | ?????????????????????????????????????????????????? | | ?????????????????????????????????????????????????? | | ?????????????????????????????????????????????????? | | ?????????????????????????????????????????????????? | | ?????????????????????????????????????????????????? | | ?????????????????????????????????????????????????? | | ?????????????????????????????????????????????????? | +----------------------------------------------------+ Best States ------------- Heat Dissipation 47 Energy Generation 12 Energy Capacity 265 Matter Stores 300 Matter Capacity 300 Sight Range 16 Terrain Scan Density 10 Armor Coverage 150 Evasion (%) 40 Recoil Reduction 2 Item Schematics ----------------- None Robot Schematics ------------------ None Fabricated ------------ Nothing Alien Tech Used ----------------- None Achievements -------------- None Challenges ------------ None Cogshop Purchases (11) ------------------------ Lgt. Treads (749) Lgt. Treads (749) Imp. Medium Laser (699) Imp. Medium Laser (699) Mni. Grenade Launcher (1049) Imp. Medium Laser (699) Adv. EMP Blaster (Loot Box) Rnf. Ion Engine (609) Cooling System (611) Hrd. Light Armor Plating (594) Weapon Shielding (549) Game ------ Seed TowerTacticalJammer Manual? 0 Play Time 00:07:44 Cumulative 845.1 hours Start 2024.08.09 @ 11:21:56 End 2024.08.09 @ 11:27:05 Sessions 1 Manual Loads 0 Difficulty Rogue Special Mode AFD2019/Pay2Buy Game No. 1010 Rogue 731 Adventurer 124 Explorer 155 Win Type - Total 35 Types 27/0/6/1/0/0/0/1/0 Lore% 72 Gallery% 88 Achievement% 78 Wizard Run 0 Options --------- Layout 0 ASCII 0 Keyboard 1 Movement Numpad Keybinds 0 Fullscreen 2 Font 18/Smallcaps Map View 76x50 Zoom Use 0% Tactical HUD 1 Map Filters NONE Filters NONE Steam 1 RUN: 743eea01-c06e-4928-abb1-d97f3d3ec3f7